 Dungeon Crawl Stone Soup version 0.24.0-123-gd5b16e6ec5 (webtiles) character file.

Game seed: 1938139678424680116, levelgen mode: deterministic

109634 FishyPogo the Fighter (level 16, 0/147 HPs)
             Began as a Green Draconian Berserker on Dec 24, 2019.
             Was a High Priest of Trog.
             Slain by a sixfirhy (5 damage)
             ... summoned by an orc sorcerer
             ... while paralysed by an orc sorcerer
             ... on level 2 of the Orcish Mines.
             The game lasted 01:44:45 (21102 turns).

FishyPogo the Fighter (Green Draconian Berserker)  Turns: 21102, Time: 01:44:45

Health: 0/147      AC: 15    Str: 26      XL:     16   Next: 5%
Magic:  24/24      EV:  2    Int:  9      God:    Trog [*****.]
Gold:   1982       SH:  0    Dex: 13 (14) Spells: 15/15 levels left

rFire    . . .     SeeInvis .   b - +9 demon trident (flame)
rCold    . . .     Gourm    .   Y - +0 shield {reflect} (curse)
rNeg     . . .     Faith    .   (armour unavailable)
rPois    +         Spirit   .   (helmet restricted)
rElec    .         Reflect  +   O - +2 cloak {+Inv}
rCorr    .         Harm     .   X - +2 pair of gloves
MR       +....                  (no boots)
Stlth    +.........             (no amulet)
HPRegen  0.34/turn              (no ring)
MPRegen  0.19/turn              t - +2 ring of dexterity

@: paralysed
A: breathe noxious fumes, unfitting armour, stinger 1, agile 1, deterioration 1,
poison resistance, cold-blooded, AC +9
a: Breathe Noxious Fumes, Berserk, Trog's Hand, Brothers in Arms, Renounce
Religion, Evoke Invisibility


You were on level 2 of the Orcish Mines.
You worshipped Trog.
Trog was extremely pleased with you.
You were not hungry.

You visited 3 branches of the dungeon, and saw 22 of its levels.
You also visited: Bailey.

You collected 1982 gold pieces.

Inventory:

Hand Weapons
 a - the +7 demon trident of Invincibility {flame, rElec}
   (Trog gifted it to you on level 13 of the Dungeon)

   It has been specially enchanted to burn those struck by it, causing extra
   injury to most foes and up to half again as much damage against particularly
   susceptible opponents.
   It insulates you from electricity.
 b - a +9 demon trident of flaming (weapon)
 S - the +7 spear of Nocux {protect, +Fly rPois MR- Int+6}
   (You found it on level 8 of the Dungeon)

   It grants its wielder temporary protection when it strikes (+7 to AC).
   It affects your intelligence (+6).
   It protects you from poison.
   It affects your resistance to hostile enchantments.
   It lets you fly.
Missiles
 f - 12 curare-tipped darts
 k - 256 stones
 v - a boomerang of dispersal
 w - 14 silver javelins
 F - 41 boomerangs (quivered)
 K - 14 javelins
 N - 40 poisoned darts
Armour
 O - a +2 cloak of invisibility (worn)
 X - a +2 pair of gloves (worn)
 Y - a cursed +0 shield of reflection (worn)
Jewellery
 t - a +2 ring of dexterity (right hand)
 y - an uncursed ring of ice
 J - an uncursed ring of see invisible
 L - an uncursed ring of resist corrosion
 Q - an uncursed ring of protection from cold
Wands
 c - a wand of scattershot (5)
 i - a wand of iceblast (5)
 l - a wand of disintegration (38)
 o - a wand of random effects (28)
 p - a wand of polymorph (36)
 q - a wand of paralysis (20)
 z - a wand of digging (5)
 D - a wand of clouds (4)
 G - a wand of acid (4)
 M - a wand of enslavement (7)
Scrolls
 e - 10 scrolls of teleportation
 g - 20 scrolls of identify
 h - a scroll of fear
 n - a scroll of enchant weapon
 u - 2 scrolls of random uselessness
 x - 2 scrolls of holy word
 A - 3 scrolls of noise
 B - 7 scrolls of remove curse
 C - 3 scrolls of vulnerability
 T - a scroll of enchant armour
Potions
 d - a potion of heal wounds
 j - a potion of lignification
 m - 4 potions of agility
 r - 5 potions of might
 H - a potion of experience
 I - 3 potions of brilliance
 P - 2 potions of haste
 R - a potion of curing
 U - a potion of invisibility
 W - a potion of cancellation
Comestibles
 E - 32 rations
 V - 14 chunks of flesh


   Skills:
 + Level 14.4 Fighting
   Level 4.0 Short Blades
   Level 4.7(6.7) Axes
 + Level 7.4(8.1) Polearms
 + Level 12.3 Dodging
 * Level 13.7 Shields
 + Level 11.9 Evocations


You had 15 spell levels left.
You didn't know any spells.
Your spell library contained the following spells:

 Spells                   Type           Power        Failure   Level  Hunger
 Animate Skeleton         Necr           N/A          43%         1    ##.....
 Apportation              Tloc           #.....       43%         1    ##.....
 Confusing Touch          Hex            #.....       43%         1    ##.....
 Magic Dart               Conj           #...         43%         1    ##.....
 Summon Small Mammal      Summ           #...         43%         1    ##.....
 Blink                    Tloc           N/A          56%         2    ###....
 Call Imp                 Summ           #.......     56%         2    ###....
 Slow                     Hex            #.......     56%         2    ###....
 Call Canine Familiar     Summ           #.......     80%         3    ####...
 Conjure Flame            Conj/Fire      #.......     80%         3    ####...
 Ignite Poison            Fire/Tmut/Pois #.......     80%         3    ####...
 Mephitic Cloud           Conj/Pois/Air  #.......     80%         3    ####...
 Ozocubu's Armour         Chrm/Ice       #.......     80%         3    ####...
 Summon Guardian Golem    Hex/Summ       #.......     80%         3    ####...
 Ice Form                 Ice/Tmut       #.......     99%         4    #####..
 Summon Ice Beast         Ice/Summ       #.......     99%         4    #####..
 Summon Lightning Spire   Summ/Air       #.......     99%         4    #####..
 Alistair's Intoxication  Tmut/Pois      #.......     100%        5    ######.


Dungeon Overview and Level Annotations

Branches:
Dungeon (14/15)            Temple (0/1) D:7            Lair (6/6) D:10
  Swamp (0/4) Lair:2        Snake (0/4) Lair:3        Slime (0/5) Lair:6
    Orc (2/2) D:10            Elf (0/3) Orc:2        Vaults (0/5) D:13
 Bailey (visited)

Altars:
Dithmenos
Elyvilon
Gozag
Nemelex Xobeh
Okawaru
Qazlal
Wu Jian
The Shining One

Annotations:
D:9 3 runed translucent doors, Norian's ghost, novice DECj
Lair:2 exclusion: 2 oklob plants


Innate Abilities, Weirdness & Mutations

You can breathe blasts of noxious fumes.
Your lurid green scales are hard. (AC +9)
You cannot fit into any form of body armour.
Your tail ends in a poisonous barb.
Your system is resistant to poisons. (rPois)
You are cold-blooded and may be slowed by cold attacks.
You are agile. (Dex +2)
Your body sometimes deteriorates upon taking damage.


Message History

The orc sorcerer points at you and mumbles some strange words.
The bolt of fire hits you!!!
You closely miss the orc sorcerer. You tail-slap the orc sorcerer.
The orc sorcerer is poisoned.
The orc sorcerer is severely wounded.
The orc sorcerer points at you and mumbles some strange words.
You suddenly lose the ability to move!
The orc sorcerer no longer looks unusually strong.
The sixfirhy hits you but does no damage. x3
The sixfirhy hits you!
* * * LOW HITPOINT WARNING * * *
The sixfirhy shocks you!
* * * LOW HITPOINT WARNING * * *
The orc sorcerer hits you but does no damage.
The sixfirhy hits you!
* * * LOW HITPOINT WARNING * * *
The sixfirhy shocks you!
* * * LOW HITPOINT WARNING * * *
The sixfirhy hits you.
You die...

....@.....#...
..............
.......o.o....
........o....# #####
.........oo..#
###...##........oo....
##......##.............
###..))o3..##............
#..÷o.##@)..#............
#...o####)..##........#..
#...o. #....#........#..
#÷.÷÷.÷ ##)...........#..
#...o.. #).)............
#....°. #.)..........#.#
#.....o #..)........#
#...÷.. #..........##.
#.............


You could see a sixfirhy and an orc sorcerer.

Vanquished Creatures
  Jorgrun (D:12)
  Donald (Orc:2)
  Nessos (Lair:5)
  Erolcha (D:9)
  3 hydras
  3 catoblepae
  A centaur warrior (D:13)
  5 two-headed ogres
  12 death yaks (Lair:6)
  3 orc high priests (Orc:2)
  A tengu warrior (D:13)
  Sonja (D:10)
  Urug (Lair:2)
  A swamp dragon (Lair:2)
  5 unseen horrors
  Pikel (D:4)
  A deep elf archer (Bailey)
  3 orc knights (Orc:2)
  10 deep elf magi
  An ugly thing (D:12)
  A cyclops (Orc:1)
  5 manticores
  2 orc sorcerers (Orc:2)
  10 elephants
  4 centaur zombies
  6 black mambas
  2 torpor snails (Lair:6)
  8 spiny frogs
  6 rime drakes
  7 komodo dragons
  A polar bear (Lair:4)
  A tengu conjurer (D:13)
  8 trolls
  3 hornets
  2 dream sheep (Lair:6)
  13 blink frogs
  18 hippogriffs
  A hippogriff (shapeshifter) (D:13)
  2 wraiths
  3 redbacks (D:13)
  Sigmund (D:2)
  A vampire (D:13)
  12 yaks
  4 wyverns
  3 basilisks
  Menkaure (D:7)
  A warg (Orc:2)
  4 nagas (Lair:3)
  19 porcupines
  11 water moccasins
  3 black bears
  4 ice beasts
  4 sky beasts
  23 orc warriors
  2 phantoms (D:10)
  4 slaves
  An eye of draining (D:13)
  20 wolves
  5 ogres
  2 necrophages
  14 centaurs
  12 crocodiles
  3 big kobolds
  Blork the orc (D:6)
  2 wyvern zombies
  A gnoll sergeant (D:6)
  9 bullfrogs
  8 scorpions
  5 killer bees (D:7)
  12 wights
  3 electric eels
  4 howler monkeys
  5 crimson imps
  3 bullfrog zombies
  4 quasits
  5 hounds
  15 orc priests
  5 jellies
  3 centaur skeletons
  A gnoll shaman (D:9)
  2 bullfrog skeletons
  Ijyb (D:4)
  7 iguanas
  27 orc wizards
  12 worker ants
  2 hell rats (Lair:3)
  A howler monkey zombie (D:5)
  A worker ant zombie (D:11)
  22 gnolls
  6 river rats (Lair:3)
  9 adders
  A shadow imp (D:13)
  4 oozes
  An adder skeleton (D:8)
  2 worms
  3 dart slugs
  3 leopard geckos
  56 orcs
  2 giant cockroaches (D:3)
  4 goblins
  8 hobgoblins
  6 jackals
  2 quokkas
  2 ball pythons
  6 bats
  8 frilled lizards
  A jackal skeleton (D:7)
  22 kobolds
  5 rats
  A plant (D:10)
626 creatures vanquished.

Vanquished Creatures (others)
  An elephant (Lair:6)
  An orc (Orc:2)
  A bush (Lair:5)
  5 fungi
  23 plants
31 creatures vanquished.

Grand Total: 657 creatures vanquished

Notes
Turn   | Place    | Note
-------+----------+-------------------------------------------
     0 | D:1      | FishyPogo the Draconian Berserker began the quest for the
                  | Orb.
     0 | D:1      | Reached XP level 1. HP: 19/19 MP: 1/1
    77 | D:1      | Reached XP level 2. HP: 22/26 MP: 2/2
   773 | D:2      | Noticed Sigmund
   789 | D:2      | Killed Sigmund
   789 | D:2      | Reached skill level 4 in Fighting
   789 | D:2      | Reached XP level 3. HP: 24/35 MP: 3/3
   789 | D:2      | Reached XP level 4. HP: 28/41 MP: 4/4
   789 | D:2      | Reached XP level 5. HP: 32/47 MP: 5/5
  1064 | D:2      | Reached ** piety under Trog
  1721 | D:3      | Found a faded altar of an unknown god.
  1775 | D:3      | Reached skill level 5 in Fighting
  1815 | D:3      | Found a shadowy altar of Dithmenos.
  1899 | D:3      | Reached skill level 1 in Axes
  1931 | D:3      | Reached XP level 6. HP: 56/56 MP: 6/6
  2169 | D:3      | Found a stormy altar of Qazlal.
  2489 | D:4      | Noticed Ijyb
  2496 | D:4      | Killed Ijyb
  2599 | D:4      | Reached skill level 1 in Shields
  2601 | D:4      | Noticed a slave
  2621 | D:4      | Killed a slave
  2677 | D:4      | Your scales start taking on a lurid green colour.
  2677 | D:4      | Reached XP level 7. HP: 42/62 MP: 7/7
  2677 | D:4      | Gained mutation: Your system is resistant to poisons.
                  | (rPois) [Green Draconian growth]
  2684 | D:4      | Reached skill level 6 in Fighting
  2684 | D:4      | Reached skill level 5 in Dodging
  2812 | D:4      | Noticed Pikel
  2915 | D:4      | Killed Pikel
  2915 | D:4      | Reached XP level 8. HP: 43/71 MP: 8/8
  2949 | D:4      | You fall into a shaft and drop 3 floors!
  3000 | D:5      | Entered Level 5 of the Dungeon
  3059 | D:4      | Reached *** piety under Trog
  3377 | D:5      | Reached skill level 1 in Evocations
  3389 | D:5      | Reached skill level 7 in Fighting
  3721 | D:5      | Found an iron altar of Okawaru.
  4059 | D:6      | Got a distressingly furry ring mail
  4280 | D:6      | Reached XP level 9. HP: 81/81 MP: 11/11
  4504 | D:6      | Noticed Blork the orc
  4510 | D:6      | Killed Blork the orc
  4510 | D:6      | Reached skill level 8 in Fighting
  4606 | D:7      | Reached **** piety under Trog
  4606 | D:7      | Reached skill level 1 in Polearms
  5075 | D:7      | Found a staircase to the Ecumenical Temple.
  5114 | D:7      | Noticed Menkaure
  5124 | D:7      | Killed Menkaure
  5151 | D:7      | HP: 4/81 [hippogriff (2)]
  5163 | D:7      | HP: 3/81 [hippogriff (4)]
  5821 | D:7      | Reached skill level 5 in Evocations
  5956 | D:8      | Found a flagged portal.
  5961 | D:8      | Got a smoking spear
  5962 | D:8      | Identified the +7 spear of Nocux {protect, +Fly rPois MR-
                  | Int+6} (You found it on level 8 of the Dungeon)
  5965 | Bailey   | Entered a bailey
  5972 | Bailey   | Noticed a deep elf mage
  5981 | Bailey   | Noticed an orange demon
  5990 | Bailey   | Noticed an ice devil
  5990 | Bailey   | Killed a deep elf mage
  5990 | Bailey   | Reached skill level 9 in Fighting
  5990 | Bailey   | Reached XP level 10. HP: 74/90 MP: 13/13
  5995 | Bailey   | Noticed a deep elf mage
  5995 | Bailey   | Noticed a deep elf mage
  6009 | Bailey   | Killed a deep elf mage
  6022 | Bailey   | Noticed a deep elf mage
  6029 | Bailey   | Killed a deep elf mage
  6030 | Bailey   | Noticed a deep elf mage
  6030 | Bailey   | Noticed a deep elf mage
  6034 | Bailey   | Killed a deep elf mage
  6057 | Bailey   | Gained mutation: You are agile. (Dex +2) [potion of
                  | mutation]
  6057 | Bailey   | Gained mutation: Your body sometimes deteriorates upon
                  | taking damage. [potion of mutation]
  6057 | Bailey   | Gained mutation: Your tail ends in a poisonous barb.
                  | [potion of mutation]
  6085 | Bailey   | Noticed a deep elf mage
  6099 | Bailey   | Killed a deep elf mage
  6100 | Bailey   | Killed a deep elf mage
  6100 | Bailey   | Reached skill level 5 in Shields
  6103 | Bailey   | Killed a deep elf mage
  6338 | Bailey   | Noticed a deep elf mage
  6361 | Bailey   | Killed a deep elf mage
  6433 | Bailey   | Noticed a deep elf archer
  6445 | Bailey   | Killed a deep elf archer
  6445 | Bailey   | Reached skill level 10 in Fighting
  6496 | Bailey   | Identified Sif Muna's Reference Book on the Virous
                  | Snowflakes
  6987 | D:8      | Found an opulent altar of Gozag.
  7042 | D:8      | Reached skill level 5 in Polearms
  7042 | D:8      | Reached XP level 11. HP: 99/99 MP: 16/16
  7177 | D:8      | Received a gift from Trog
  7216 | D:8      | Found a sparkling altar of Nemelex Xobeh.
  7333 | D:9      | Found a glowing golden altar of the Shining One.
  7336 | D:9      | Found an ornate altar of the Wu Jian Council.
  7337 | D:9      | Found an iron altar of Okawaru.
  7459 | D:9      | Noticed Erolcha
  7471 | D:9      | Killed Erolcha
  7492 | D:9      | Found a runed translucent gate.
  7494 | D:9      | Found a runed translucent gate.
  7495 | D:9      | Found a runed translucent gate.
  7497 | D:9      | Noticed Norian's ghost (novice DECj)
  7686 | D:9      | Killed an unseen horror
  7730 | D:9      | Reached ***** piety under Trog
  7740 | D:9      | Found a sparkling altar of Nemelex Xobeh.
  7786 | D:9      | Killed an unseen horror
  8089 | D:10     | Entered Level 10 of the Dungeon
  8563 | D:10     | Noticed Sonja
  8773 | D:10     | Found a staircase to the Orcish Mines.
  8774 | D:10     | Found a staircase to the Lair.
  8898 | D:10     | Killed an unseen horror
  9054 | D:10     | Killed Sonja
  9326 | D:11     | Noticed a two-headed ogre
  9368 | D:11     | Killed a two-headed ogre
  9368 | D:11     | Reached skill level 11 in Fighting
  9445 | D:11     | Killed an unseen horror
  9804 | D:11     | Reached XP level 12. HP: 110/110 MP: 18/18
 10033 | D:12     | Received a gift from Trog
 10473 | D:12     | Noticed Jorgrun
 10497 | D:12     | Killed Jorgrun
 10497 | D:12     | Reached skill level 10 in Dodging
 11557 | D:13     | Noticed a two-headed ogre
 11566 | D:12     | Killed a two-headed ogre
 11991 | D:13     | Noticed a tengu warrior
 12011 | D:13     | Killed a tengu warrior
 12011 | D:13     | Reached skill level 12 in Fighting
 12376 | D:13     | Received a gift from Trog
 12377 | D:13     | Got a warped demon trident {god gift}
 12377 | D:13     | Identified the +7 demon trident of Invincibility {flame,
                  | rElec} (Trog gifted it to you on level 13 of the Dungeon)
 12417 | D:13     | Noticed a six-headed hydra
 12426 | D:13     | Killed a six-headed hydra
 12490 | D:13     | Noticed a two-headed ogre
 12504 | D:13     | Killed a two-headed ogre
 12528 | D:13     | Found a gate to the Vaults.
 12528 | D:13     | Noticed a two-headed ogre
 12534 | D:13     | Killed a two-headed ogre
 12534 | D:13     | Reached XP level 13. HP: 113/118 MP: 20/20
 13122 | Lair:1   | Entered Level 1 of the Lair of Beasts
 13235 | Lair:1   | Got a polished hand axe
 13236 | Lair:1   | Identified the +8 hand axe of the Shrike {freeze, +Inv
                  | Str+5 Dex-4 Stlth-} (You found it on level 1 of the Lair of
                  | Beasts)
 14174 | Lair:2   | Found a staircase to the Swamp.
 14184 | Lair:2   | Reached skill level 10 in Evocations
 14266 | Lair:2   | Received a gift from Trog
 14407 | Lair:2   | Noticed Urug
 14422 | Lair:2   | Reached skill level 10 in Shields
 14451 | Lair:2   | Killed Urug
 15061 | Lair:3   | Found a staircase to the Snake Pit.
 15257 | Lair:3   | Reached skill level 13 in Fighting
 15791 | Lair:4   | You fall into a shaft and drop 1 floor!
 15791 | Lair:5   | Found a white marble altar of Elyvilon.
 15972 | Lair:4   | Received a gift from Trog
 16422 | Lair:4   | Mutation became permanent: Your tail ends in a poisonous
                  | barb. [Green Draconian growth]
 16422 | Lair:4   | Gained mutation: Your tail ends in a poisonous barb. [Green
                  | Draconian growth]
 16422 | Lair:4   | Reached XP level 14. HP: 127/129 MP: 22/22
 17232 | Lair:5   | Noticed Nessos
 17260 | Lair:5   | Killed Nessos
 17917 | Lair:6   | Entered Level 6 of the Lair of Beasts
 18460 | Lair:6   | Found a stormy altar of Qazlal.
 18622 | Lair:6   | Reached ****** piety under Trog
 18622 | Lair:6   | Received a gift from Trog
 18702 | Lair:6   | Found a staircase to the Slime Pits.
 19343 | Lair:6   | Reached skill level 14 in Fighting
 19343 | Lair:6   | Reached XP level 15. HP: 44/138 MP: 23/23
 19737 | Lair:6   | Got a smoking morningstar
 19738 | Lair:6   | Identified the +2 morningstar of Exchange {vamp, Str+2}
                  | (You found it on level 6 of the Lair of Beasts)
 19973 | Orc:1    | Entered Level 1 of the Orcish Mines
 20179 | Orc:2    | Entered Level 2 of the Orcish Mines
 20588 | Orc:2    | Found a staircase to the Elven Halls.
 20661 | Orc:1    | Received a gift from Trog
 20682 | Orc:1    | You fall into a shaft and drop 1 floor!
 20688 | Orc:2    | Noticed Donald
 20853 | Orc:2    | Killed Donald
 21010 | Orc:2    | Reached XP level 16. HP: 98/147 MP: 24/24
 21100 | Orc:2    | Paralysed by an orc sorcerer for 5 turns
 21102 | Orc:2    | HP: 5/147 [sixfirhy[an orc sorcerer] (11)]
 21102 | Orc:2    | Slain by a sixfirhy

Levels and vault maps discovered:
D:1:      lightli_arrival_statue_moat, layout_loops_ring, minmay_door_square
D:2:      layout_basic, minmay_misc_feat_more_columns, bh_walls_and_bars,
          uniq_sigmund
D:3:      layout_loops_cross, overflow_temple_1_default, grunt_qazlal_sundering,
          chequers_ecumenical_altar_grove, corexii_item_surrounded_by_moat
D:4:      layout_cave_pools, minivault_25, kennysheep_dice, uniq_pikel,
          uniq_ijyb
D:5:      layout_gridville, first_ration, chequers_decorated_corner,
          kennysheep_okawaru_gauntlet
D:6:      layout_gridville, serial_bayou, serial_bayou_shore_a,
          serial_bayou_pond_b, serial_bayou_shore_b, serial_bayou_shore_b,
          uniq_blork_the_orc
D:7:      layout_layer_cave, minmay_temple_entry_sparse_star, grunt_ogre_cave,
          item_on_display_a, uniq_menkaure
D:8:      layout_basic, kennysheep_mini_moat, nicolae_gozag_seed_capital,
          enter_bailey_2
D:9:      layout_loops_ring, grunt_temple_overflow_open,
          gammafunk_ghost_spectres, nrook_uturn, minmay_ruined_shrine,
          uniq_erolcha
D:10:     layout_roguey, david_lair_shrubbed, uniq_sonja
D:11:     layout_loops_ring
D:12:     layout_irregular_city, minivault_5, drop_trap, uniq_jorgrun
D:13:     layout_cave_pods, david_vaults_1
D:14:     layout_rooms, dk_noncrumbling_2
Lair:1:   layout_gridlike
Lair:2:   layout_cave_pods, minmay_swamp_entry_reptiles, serial_bayou_crossing,
          minmay_lair_oklob_chamber, uniq_urug
Lair:3:   layout_long_grid, guppyfry_snake_entry_island, kennysheep_rathole,
          grunt_megastairs_3
Lair:4:   nzn_motion_control, layout_loops_ring, st_stairs_3, minivault_27,
          forest_entry_grove
Lair:5:   wad_woods_stonehenge, layout_regular_city, minmay_lair_drake_nest,
          uniq_nessos
Lair:6:   hangedman_lair_in_review, layout_regular_city,
          nicolae_slime_entry_slimehenge, serial_bayou, serial_bayou_pond_d,
          serial_bayou_pond_a, serial_bayou_pond_c, serial_bayou_ford_a,
          basic_altar
Orc:1:    layout_diamond_mine
Orc:2:    grunt_orc_tribal_feast, layout_diamond_mine, uniq_donald

Skill      XL: |  1  2  3  4  5  6  7  8  9 10 11 12 13 14 |
---------------+-------------------------------------------+-----
Dodging        | 4 5 6 7 8 9 10 11 12 | 12.3
Fighting       | 4 5 6 7 9 10 11 12 13 14 | 14.4
Axes           | 1 2 3 4 |  4.7
Short Blades   | 4 |  4.0
Shields        | 1 2 3 4 5 6 8 11 13 | 13.7
Evocations     | 3 5 6 8 9 10 11 | 11.9
Polearms       | 2 5 6 7 |  7.4

Action                   |  1- 3 |  4- 6 |  7- 9 | 10-12 | 13-15 | 16-18 || total
-------------------------+-------+-------+-------+-------+-------+-------++-------
Melee: Short sword       |    76 |    31 |       |       |       |       ||   107
       Tailslap          |     7 |    14 |    34 |   126 |   135 |     1 ||   317
       Hand axe          |       |    75 |   256 |       |       |       ||   331
       Spear             |       |       |    12 |   855 |       |       ||   867
       Demon trident     |       |       |       |    31 |   868 |    20 ||   919
Throw: Stone             |       |       |     4 |       |       |       ||     4
       Boomerang         |       |       |       |    13 |    11 |     3 ||    27
       Dart              |       |       |       |     4 |     4 |       ||     8
       Javelin           |       |       |       |     1 |       |       ||     1
Invok: Berserk           |       |     1 |     2 |    18 |     9 |       ||    30
       Trog's Hand       |       |       |     2 |     3 |     2 |       ||     7
 Abil: Breathe Noxious F |       |       |    25 |    39 |    48 |     3 ||   115
       Evoke Invisibilit |       |       |       |     2 |       |       ||     2
       Evoke Flight      |       |       |       |     1 |       |       ||     1
Evoke: Wand              |       |       |       |     1 |       |       ||     1
  Use: Potion            |       |       |       |    16 |     4 |       ||    20
       Scroll            |       |       |       |    15 |     7 |       ||    22
 Stab: Sleeping          |     1 |       |       |     6 |     2 |       ||     9
       Confused          |       |       |     5 |    22 |    31 |       ||    58
       Invisible         |       |       |       |     7 |       |       ||     7
       Petrified         |       |       |       |       |     3 |       ||     3
       Petrifying        |       |       |       |       |     1 |       ||     1
  Eat: Chunk             |       |     6 |    16 |    45 |    44 |     1 ||   112
       Ration            |       |       |     1 |       |     1 |       ||     2
Armor: Skin              |    18 |    25 |    90 |   229 |   119 |     4 ||   485
Dodge: Dodged            |    54 |    68 |   258 |   441 |   343 |       ||  1164
Block: Shield            |       |       |       |    24 |   396 |     2 ||   422
       Reflection        |       |       |       |       |     2 |       ||     2
